 Dungeon Crawl Stone Soup version 0.23-a0-305-g7ffd15e (webtiles) character file.

2494 MisterFreud the Grappler (level 9, -1/79 (80) HPs)
             Began as a Troll Monk on Oct 9, 2018.
             Was an Elder of Cheibriados.
             Slain by an orc warrior
             ... wielding a +0 trident
              (8 damage)
             ... on level 7 of the Dungeon.
             The game lasted 00:14:14 (4776 turns).

MisterFreud the Grappler (Troll Monk)               Turns: 4776, Time: 00:14:15

HP:   -1/79 (80)    AC:  9    Str: 36    XL:     9   Next: 28%
MP:   12/12         EV: 11    Int: 19    God:    Cheibriados [****..]
Gold: 342           SH:  0    Dex: 22    Spells: 8/8 levels left

rFire    + . .     SeeInvis .     - Unarmed
rCold    . . .     Gourm    +   (no shield)
rNeg     . . .     Faith    .   p - +2 robe {rF+}
rPois    .         Spirit   .   (helmet restricted)
rElec    .         Reflect  .   o - +1 cloak
rCorr    .         Harm     .   (gloves unavailable)
MR       .....                  (boots unavailable)
Stlth    ++........             q - amulet of regeneration
HPRegen  1.03/turn              (no ring)
MPRegen  0.13/turn              (no ring)

@: mighty, flying, very slow
A: large, unfitting armour, claws 3, fast metabolism 3, gourmand, regeneration
1, shaggy fur 1, tough skin 2
a: Bend Time, Temporal Distortion, Slouch, Renounce Religion


You were on level 7 of the Dungeon.
You worshipped Cheibriados.
Cheibriados was greatly pleased with you.
You were very full.

You visited 1 branch of the dungeon, and saw 7 of its levels.

You collected 342 gold pieces.

Inventory:

Missiles
 c - 212 stones (quivered)
 f - 4 tomahawks
 l - 2 needles of paralysis
 m - a throwing net
 n - 9 poisoned needles
Armour
 o - a +1 cloak (worn)
 p - a +2 robe of fire resistance (worn)
Jewellery
 q - an amulet of regeneration (around neck)
Wands
 k - a wand of polymorph (10)
Scrolls
 e - a scroll of fog
 h - 5 scrolls of remove curse
 i - a scroll of amnesia
 r - 2 scrolls of magic mapping
 t - a scroll of enchant armour
Potions
 a - a potion of heal wounds {unknown}
 d - 5 potions of haste
 g - a potion of might
 j - a potion of ambrosia {unknown}
 s - 2 potions of flight
 u - a potion of mutation {unknown}
 v - a potion of magic {unknown}
 w - a potion of curing {unknown}
Comestibles
 b - 11 rations


   Skills:
 - Level 2.4 Fighting
 + Level 3.9 Throwing
 - Level 2.4 Dodging
 - Level 1.0 Stealth
 - Level 10.0 Unarmed Combat
 - Level 6.1 Invocations


You had 8 spell levels left.
You didn't know any spells.
Your spell library was empty.

Dungeon Overview and Level Annotations

Branches:
Dungeon (7/15)             Temple (0/1) D:5

Altars:
Ashenzari
Cheibriados
Dithmenos
Elyvilon
Gozag
Kikubaaqudgha
Nemelex Xobeh
Vehumet

Annotations:
D:6 exclusion: statue


Innate Abilities, Weirdness & Mutations

You are too large for most types of armour.
You have claws for hands.
Your metabolism is lightning-fast.
You like to eat raw meat.
Your natural rate of healing is unusually fast.
You are covered in fur. (AC +1)
You have very tough skin. (AC +2)


Message History

You feel very mighty all of a sudden.
The orc warrior hits you with a trident!
* * * LOW HITPOINT WARNING * * *
You barely miss the orc warrior.
The orc warrior hits you with a trident!
* * * LOW HITPOINT WARNING * * *
It was a potion of flight.
You feel very buoyant.
You fly up into the air.
The orc warrior misses you.
Okay, then.
Unknown command.
Okay, then.
Unknown command.
You scratch the orc warrior.
You claw the orc warrior, but do no damage.
The orc warrior is lightly wounded.
You barely miss the orc warrior.
The orc warrior is lightly wounded.
The orc warrior hits you with a trident!
You die...

########### #.........#
#......... #.........#
#......... #.........#
#......... #.........#
#......... #.........#
#......... #.........#
#.........
#.........####..o?.....
#.........%...[@......#
#.........####.....(..#
#............#)......##
##.........##.........#
......................#
.##...................#
.##...........#########
........#.....#
#########.....#


You could see an orc warrior.

Vanquished Creatures
  Grinder (D:5)
  A sky beast (D:2)
  An orc warrior (D:6)
  An ice beast (D:6)
  2 necrophages (D:6)
  A black bear (D:6)
  3 ogres
  2 centaurs (D:5)
  Blork the orc (D:5)
  2 bullfrogs
  2 scorpions
  3 vampire bats (D:3)
  A centaur zombie (D:4)
  4 crimson imps
  3 orc wizards
  5 orc priests
  6 worker ants
  3 iguanas
  A hound zombie (D:5)
  2 hound skeletons
  2 worker ant zombies (D:6)
  9 adders
  A shadow imp (D:6)
  An ooze (D:3)
  An adder zombie (D:6)
  4 adder skeletons
  3 worms
  5 dart slugs
  2 leopard geckos (D:4)
  23 orcs
  4 bat zombies (D:3)
  5 giant cockroaches
  6 goblins
  6 hobgoblins
  10 jackals
  5 quokkas
  A ball python (D:2)
  8 bats
  7 frilled lizards
  A jackal skeleton (D:7)
  A jackal zombie (D:5)
  10 kobolds
  6 rats
166 creatures vanquished.

Notes
Turn   | Place    | Note
-------+----------+-------------------------------------------
     0 | D:1      | MisterFreud the Troll Monk began the quest for the Orb.
     0 | D:1      | Reached XP level 1. HP: 22/22 MP: 0/0
    61 | D:1      | HP: 1/22 [goblin/dagger of electrocution (20)]
   305 | D:1      | Reached XP level 2. HP: 28/29 MP: 1/1
   410 | D:1      | Reached skill level 4 in Unarmed Combat
   857 | D:2      | Reached XP level 3. HP: 30/36 MP: 2/2
   898 | D:2      | Found a white marble altar of Elyvilon.
  1022 | D:2      | Noticed a sky beast
  1033 | D:2      | Killed a sky beast
  1033 | D:2      | Reached skill level 5 in Unarmed Combat
  1033 | D:2      | Reached XP level 4. HP: 27/44 MP: 3/3
  1082 | D:2      | Found an opulent altar of Gozag.
  1102 | D:2      | Reached XP level 5. HP: 50/50 MP: 4/4
  1305 | D:2      | Reached skill level 6 in Unarmed Combat
  1542 | D:3      | Found an ancient bone altar of Kikubaaqudgha.
  1548 | D:3      | Reached XP level 6. HP: 58/59 MP: 5/5
  1555 | D:3      | Reached skill level 7 in Unarmed Combat
  1709 | D:3      | Found a shadowy altar of Dithmenos.
  2311 | D:3      | Found a snail-covered altar of Cheibriados.
  2320 | D:3      | Became a worshipper of Cheibriados the Contemplative
  2320 | D:3      | Reached * piety under Cheibriados
  2320 | D:3      | Reached ** piety under Cheibriados
  2480 | D:4      | Reached skill level 8 in Unarmed Combat
  2480 | D:4      | Reached XP level 7. HP: 54/66 MP: 6/6
  2551 | D:4      | Reached skill level 1 in Invocations
  2591 | D:4      | Found a shattered altar of Ashenzari.
  2776 | D:4      | Reached *** piety under Cheibriados
  3092 | D:5      | Entered Level 5 of the Dungeon
  3169 | D:5      | Noticed Blork the orc
  3177 | D:5      | Killed Blork the orc
  3209 | D:5      | Noticed Grinder
  3221 | D:5      | Paralysed by Grinder for 7 turns
  3234 | D:5      | Killed Grinder
  3234 | D:5      | Reached XP level 8. HP: 74/74 MP: 10/10
  3469 | D:5      | Reached skill level 9 in Unarmed Combat
  3533 | D:5      | Found a staircase to the Ecumenical Temple.
  3695 | D:5      | Found a sparkling altar of Nemelex Xobeh.
  3805 | D:5      | Reached skill level 10 in Unarmed Combat
  3968 | D:6      | Reached **** piety under Cheibriados
  3975 | D:6      | Reached skill level 5 in Invocations
  4015 | D:6      | Found a radiant altar of Vehumet.
  4137 | D:6      | Reached XP level 9. HP: 79/79 MP: 12/12
  4174 | D:6      | Reached skill level 1 in Throwing
  4776 | D:7      | Slain by an orc warrior

Vault maps used:
D:1:      elethiomel_arrival_maze
D:2:      minmay_diamond_boxcup, nicolae_gozag_seed_capital, elyvilon_altar_4,
          first_ration
D:3:      kennysheep_vampire_church, nicolae_overflow_crystal_walls,
          kennysheep_slug_shrine, due_unseen_surprise
D:4:      cheibrodos_quashed, ashenzari_altar_1, st_stairs_11
D:5:      kennysheep_little_box, temple_statues, minmay_splitting_lines,
          minivault_25, uniq_grinder, uniq_blork_the_orc
D:6:      vehumet_statue, hangedman_decor_clover_reticule
D:7:      lemuel_mausoleum_altar_yredelemnul, lemuel_crystal_altar

Skill      XL: |  1  2  3  4  5  6  7  8  9 |
---------------+----------------------------+-----
Unarmed Combat | 4 5 6 8 10 | 10.0
Invocations    | 4 6 |  6.1
Throwing       | 3 |  3.9
Fighting       | |  2.4
Dodging        | |  2.4
Stealth        | |  1.0

Action                   |  1- 3 |  4- 6 |  7- 9 || total
-------------------------+-------+-------+-------++-------
Melee: Unarmed           |    76 |   106 |   220 ||   402
       Punch             |       |     3 |    10 ||    13
Throw: Throwing net      |       |     1 |       ||     1
       Stone             |       |       |     3 ||     3
  Use: Scroll            |     7 |     2 |     2 ||    11
       Potion            |       |       |     2 ||     2
 Stab: Sleeping          |     1 |       |     7 ||     8
       Distracted        |       |       |     1 ||     1
  Eat: Chunk             |    12 |    15 |    14 ||    41
Armor: Robe              |    29 |    51 |    77 ||   157
Dodge: Dodged            |    30 |    49 |   112 ||   191

Table legend:
 A = Non-vault XP
 B = Vault XP
 C = Vault XP percentage of total XP
 D = Non-vault monster count
 E = Vault monster count
 F = Vault count percentage of total count
                 A         B        C        D         E       F
            +---------+---------+-------+---------+---------+-------
      Total |    2909 |     654 |  18.4 |     145 |      21 |  12.7
            +---------+---------+-------+---------+---------+-------
        D:1 |      37 |       0 |   0.0 |      22 |       0 |   0.0
        D:2 |     167 |     101 |  37.7 |      13 |       8 |  38.1
        D:3 |     184 |     171 |  48.2 |      27 |       8 |  22.9
        D:4 |     404 |      11 |   2.7 |      26 |       3 |  10.3
        D:5 |     662 |     371 |  35.9 |      23 |       2 |   8.0
        D:6 |    1237 |       0 |   0.0 |      28 |       0 |   0.0
        D:7 |     218 |       0 |   0.0 |       6 |       0 |   0.0
            +---------+---------+-------+---------+---------+-------
